Senateurs vs Golden Knights

Created - October 31, 2020 at 19:08

Goals
1 2 3 OT1 T
Senateurs 1 1 1 0 3
Golden Knights 0 3 0 1 4
Shots
1 2 3 OT1 T
Senateurs 9 13 7 1 30
Golden Knights 2 14 13 1 30

1st period

1. Senateurs , Evgeni Malkin 5 (Sidney Crosby 4, Dion Phaneuf 1) at 4:27

Penalties :
Phil Kessel (Ott) for Hooking (Minor) at 5:07, Denis Grebeshkov (Ott) for Slashing (Minor) at 9:16, Phil Kessel (Ott) for High sticking (Minor) at 14:19

2nd period

2. Golden Knights , Michael Frolik 4 (Mathew Dumba 3, Michael Kostka 1) at 3:56
3. Golden Knights , Wayne Simmonds 1 (Matt Stajan 2) at 7:04 (PP)
4. Golden Knights , Ilya Kovalchuk 3 (Michael Frolik 6, Andrei Loktionov 7) at 14:28 (PP)
5. Senateurs , Sidney Crosby 2 (Phil Kessel 3) at 17:32 (PP)

Penalties :
Matt Stajan (Vgs) for Roughing (Minor) at 0:36, Duncan Keith (Ott) for Cross-checking (Minor) at 1:14, Cody Franson (Ott) for Hooking (Minor) at 6:31, Matt Stajan (Vgs) for Slashing (Minor) at 7:21, Ilya Kovalchuk (Vgs) for Goalie Interference (Minor) at 8:53, Cody Franson (Ott) for Interference (Minor) at 14:25, Patrice Cormier (Vgs) for Hooking (Minor) at 17:19

3rd period

6. Senateurs , Maxim Lapierre 1 (Colby Armstrong 3, Dion Phaneuf 2) at 8:02

Penalties :
Vladimir Zharkov (Vgs) for Hooking (Minor) at 1:52, Wayne Simmonds (Vgs) for Cross-checking (Minor) at 10:52, Steve Bernier (Vgs) for Holding (Minor) at 16:26

Overtime #1

7. Golden Knights , Matt Stajan 3 (Andrei Loktionov 8) at 0:50

Penalties :
No Penalty

Goalie Stats

Jaroslav Halak (Ott), 26 saves from 30 shots - (0.867), OTL, 1-4-1, 60:50 minutes
Ondrej Pavelec (Vgs), 27 saves from 30 shots - (0.900), W, 3-0-2, 60:50 minutes

Players Stats for Senateurs

Player Name              G  A  P  +/- PIM S  H  SB GA TA FO     MP     PP MP  PK MP  
------------------------------------------------------------------------------------
Arturs Kulda             0  0  0   0  0   0  1  1  0  0  0/0    10:08   0:00   1:24 
Brian McGrattan          0  0  0   0  0   0  1  0  0  0  0/0     4:58   0:29   0:00 
Cody Franson             0  0  0  -1  4   1  2  1  0  0  0/0    28:24   6:31   3:59 
Colby Armstrong          0  1  1   1  0   2  0  0  0  1  0/0    12:08   0:26   0:00 
Denis Grebeshkov         0  0  0   0  2   0  1  0  1  0  0/0    18:39   3:48   1:22 
Derek Boogaard           0  0  0  -2  0   0  1  0  0  2  0/0    23:28   5:55   2:23 
Dion Phaneuf             0  2  2   0  0   2  2  2  0  1  0/0    31:59   6:31   4:35 
Duncan Keith             0  0  0   0  2   0  1  2  1  0  0/0    18:35   3:47   2:34 
Evgeni Malkin            1  0  1   1  0   4  1  0  0  0  6/18   21:23   3:45   4:13 
Jamie Benn               0  0  0   1  0   3  2  0  0  1  0/0    16:04   3:45   0:35 
Marek Svatos             0  0  0   1  0   2  0  0  1  0  2/3    15:07   3:45   0:00 
Mark Giordano            0  0  0   1  0   0  0  1  0  0  0/0     3:39   0:00   0:28 
Matt Moulson             0  0  0   0  0   0  0  1  0  0  0/0     3:58   0:23   0:00 
Maxim Lapierre           1  0  1   1  0   3  2  0  0  0  2/3    12:21   0:39   0:22 
Nate Prosser             0  0  0   0  0   0  0  0  0  0  0/0    10:13   0:00   0:00 
Phil Kessel              0  1  1  -2  4   9  0  0  0  0  0/0    21:59   5:55   0:46 
Sergei Kostitsyn         0  0  0   1  0   0  1  0  2  0  0/0    12:50   0:00   1:50 
Sidney Crosby            1  1  2  -1  0   4  2  1  0  1  28/46  28:49   5:55   4:13 

Players Stats for Golden Knights

Player Name              G  A  P  +/- PIM S  H  SB GA TA FO     MP     PP MP  PK MP  
------------------------------------------------------------------------------------
Andrei Loktionov         0  2  2   2  0   4  1  0  1  0  10/27  21:29   3:40   2:18 
Chris Higgins            0  0  0  -1  0   2  1  0  0  0  1/2    15:35   3:26   0:10 
Chris Tierney            0  0  0  -1  0   0  0  2  0  0  2/3     4:53   0:00   0:46 
Ilya Kovalchuk           1  0  1   1  2   2  1  1  0  0  1/1    25:11   3:41   5:14 
Jared Cowen              0  0  0   1  0   1  2  5  0  0  0/0    29:34   4:05   6:54 
Mathew Dumba             0  1  1   0  0   0  1  0  1  0  0/0    20:17   3:06   3:25 
Matt Stajan              1  1  2   0  4   2  2  0  1  1  5/10   17:26   3:27   1:47 
Michael Frolik           1  1  2   1  0   2  1  1  0  0  7/15   26:01   3:41   6:14 
Michael Kostka           0  1  1   0  0   0  1  2  0  0  0/0    20:17   3:06   3:25 
Patrice Cormier          0  0  0   0  2   4  0  0  0  0  3/9    10:10   0:04   0:00 
Sergei Plotnikov         0  0  0  -1  0   0  1  0  0  1  0/0     6:12   0:00   1:37 
Shawn Matthias           0  0  0   0  0   1  0  0  0  1  1/1    12:10   0:00   2:04 
Steve Bernier            0  0  0   0  2   3  1  1  0  0  1/1    10:10   0:04   0:00 
Vladimir Mihalik         0  0  0  -1  0   0  2  1  1  0  0/0    10:59   0:00   0:00 
Vladimir Zharkov         0  0  0  -1  2   1  0  0  0  0  0/0     4:27   0:04   0:00 
Wayne Simmonds           1  0  1  -1  2   6  2  0  0  1  1/1    15:42   3:26   0:00 
Wes O'Neill              0  0  0  -1  0   0  0  1  0  1  0/0    10:59   0:00   0:00 
Zach Bogosian            0  0  0   1  0   2  3  4  2  0  0/0    29:34   4:05   6:54 

3 Stars

1 - Michael Frolik (Vgs)
2 - Andrei Loktionov (Vgs)
3 - Sidney Crosby (Ott)

Power Play

Senateurs - 1 on 7 Attempt(s) - 14.29%
Golden Knights - 2 on 6 Attempt(s) - 33.33%

Penalty Kill

Senateurs - 4 on 6 Attempt(s) - 66.67% - Score 0 goal in Penalty Kill
Golden Knights - 6 on 7 Attempt(s) - 85.71% - Score 0 goal in Penalty Kill

Team Stat

Senateurs - Hits : 17 - Faceoff Wins : 38 - Blocked Shots : 9 - Penalty Minutes : 12
Golden Knights - Hits : 19 - Faceoff Wins : 32 - Blocked Shots : 18 - Penalty Minutes : 14

Official

Referees : Unknown
Linesman : Unknown

Game Notes

8:10 of 3rd period - Golden Knights goal is going for a video replay. After video review, No Goal. The puck has been directed, batted or thrown into the net by an attacking player other than with a stick.

Finance

Level 1 -- Attendance: 6000 (100.00%) -- Ticket Income $558,000
Level 2 -- Attendance: 4778 (95.56%) -- Ticket Income $281,902
Level 3 -- Attendance: 1825 (91.25%) -- Ticket Income $71,175
Level 4 -- Attendance: 3746 (93.65%) -- Ticket Income $101,142
Luxury Box -- Attendance: 1000 (100.00%) -- Ticket Income $160,000
Game was played at the Duff Garden.
Total Attendance: 17349 (96.38%)
Total Ticket Income: $1,172,219
Other Income: $175,833
Total Income: $1,348,052

Senateurs

5 vs 5 Forward 
   Center                   Left Wing                Right Wing               Time % Phy DF OF 
 1 Sidney Crosby            Derek Boogaard           Phil Kessel              40     1   2  2  
 2 Evgeni Malkin            Jamie Benn               Marek Svatos             30     1   2  2  
 3 Maxim Lapierre           Sergei Kostitsyn         Colby Armstrong          20     1   2  2  
 4 Sidney Crosby            Matt Moulson             Brian McGrattan          10     1   2  2  

5 vs 5 Defense 
   Defense                  Defense                                           Time % Phy DF OF 
 1 Dion Phaneuf             Cody Franson                                      40     1   2  2  
 2 Duncan Keith             Denis Grebeshkov                                  30     1   2  2  
 3 Nate Prosser             Arturs Kulda                                      20     1   2  2  
 4 Mark Giordano            Dion Phaneuf                                      10     1   2  2  

PowerPlay Forward 
   Center                   Left Wing                Right Wing               Time % Phy DF OF 
 1 Sidney Crosby            Derek Boogaard           Phil Kessel              60     1   2  2  
 2 Evgeni Malkin            Jamie Benn               Marek Svatos             40     1   2  2  

PowerPlay Defense
   Defense                  Defense                                           Time % Phy DF OF 
 1 Dion Phaneuf             Cody Franson                                      60     1   2  2  
 2 Duncan Keith             Denis Grebeshkov                                  40     1   2  2  

Penalty Kill 4 Players Forward 
   Center                   Wing                     Time % Phy DF OF 
 1 Sidney Crosby            Evgeni Malkin            60     1   2  2  
 2 Phil Kessel              Derek Boogaard           40     1   2  2  

Penalty Kill 4 Players Defense
   Defense                  Defense                  Time % Phy DF OF 
 1 Dion Phaneuf             Cody Franson             60     1   2  2  
 2 Duncan Keith             Denis Grebeshkov         40     1   2  2  

Penalty Kill - 3 Players Forward 
   Forward                                           Time % Phy DF OF 
 1 Sidney Crosby                                     60     1   2  2  
 2 Evgeni Malkin                                     40     1   2  2  

Penalty Kill - 3 Players Defense
   Defense                  Defense                  Time % Phy DF OF 
 1 Dion Phaneuf             Cody Franson             60     1   2  2  
 2 Duncan Keith             Denis Grebeshkov         40     1   2  2  

4 vs 4 Forward 
   Center                   Wing                     Time % Phy DF OF 
 1 Sidney Crosby            Evgeni Malkin            60     1   2  2  
 2 Phil Kessel              Derek Boogaard           40     1   2  2  

4 vs 4 Defense
   Defense                  Defense                  Time % Phy DF OF 
 1 Dion Phaneuf             Cody Franson             60     1   2  2  
 2 Duncan Keith             Denis Grebeshkov         40     1   2  2  

Last Minutes Offensive
   Center                   Left Wing                Right Wing               Defense                  Defense                  
   Sidney Crosby            Derek Boogaard           Phil Kessel              Dion Phaneuf             Cody Franson             

Last Minutes Defensive
   Center                   Left Wing                Right Wing               Defense                  Defense                  
   Sidney Crosby            Derek Boogaard           Phil Kessel              Dion Phaneuf             Cody Franson             

Goaltenders
Starting : Jaroslav Halak           
Backup : Jonas Hiller             

Extra Forwards
Normal : Colby Armstrong, Maxim Lapierre, Sergei Kostitsyn - PP : Colby Armstrong, Maxim Lapierre - PK : Sergei Kostitsyn
Extra Defensemen
Normal : Nate Prosser, Arturs Kulda, Mark Giordano - PP : Nate Prosser - PK : Arturs Kulda, Mark Giordano
Penalty Shots
Sidney Crosby, Evgeni Malkin, Phil Kessel, Derek Boogaard, Marek Svatos

Scratches
Stephane Da Costa (Back Spasms Injury)

Golden Knights

5 vs 5 Forward 
   Center                   Left Wing                Right Wing               Time % Phy DF OF 
 1 Andrei Loktionov         Ilya Kovalchuk           Michael Frolik           40     1   2  2  
 2 Matt Stajan              Chris Higgins            Wayne Simmonds           30     1   2  2  
 3 Patrice Cormier          Shawn Matthias           Steve Bernier            20     1   2  2  
 4 Chris Tierney            Sergei Plotnikov         Vladimir Zharkov         10     1   2  2  

5 vs 5 Defense 
   Defense                  Defense                                           Time % Phy DF OF 
 1 Zach Bogosian            Jared Cowen                                       40     1   2  2  
 2 Michael Kostka           Mathew Dumba                                      30     1   2  2  
 3 Vladimir Mihalik         Wes O'Neill                                       20     1   2  2  
 4 Zach Bogosian            Jared Cowen                                       10     1   2  2  

PowerPlay Forward 
   Center                   Left Wing                Right Wing               Time % Phy DF OF 
 1 Andrei Loktionov         Ilya Kovalchuk           Michael Frolik           60     1   2  2  
 2 Matt Stajan              Chris Higgins            Wayne Simmonds           40     1   2  2  

PowerPlay Defense
   Defense                  Defense                                           Time % Phy DF OF 
 1 Zach Bogosian            Jared Cowen                                       60     1   2  2  
 2 Michael Kostka           Mathew Dumba                                      40     1   2  2  

Penalty Kill 4 Players Forward 
   Center                   Wing                     Time % Phy DF OF 
 1 Michael Frolik           Ilya Kovalchuk           60     1   2  2  
 2 Andrei Loktionov         Matt Stajan              40     1   2  2  

Penalty Kill 4 Players Defense
   Defense                  Defense                  Time % Phy DF OF 
 1 Zach Bogosian            Jared Cowen              60     1   2  2  
 2 Michael Kostka           Mathew Dumba             40     1   2  2  

Penalty Kill - 3 Players Forward 
   Forward                                           Time % Phy DF OF 
 1 Michael Frolik                                    60     1   2  2  
 2 Ilya Kovalchuk                                    40     1   2  2  

Penalty Kill - 3 Players Defense
   Defense                  Defense                  Time % Phy DF OF 
 1 Zach Bogosian            Jared Cowen              60     1   2  2  
 2 Michael Kostka           Mathew Dumba             40     1   2  2  

4 vs 4 Forward 
   Center                   Wing                     Time % Phy DF OF 
 1 Michael Frolik           Ilya Kovalchuk           60     1   2  2  
 2 Andrei Loktionov         Matt Stajan              40     1   2  2  

4 vs 4 Defense
   Defense                  Defense                  Time % Phy DF OF 
 1 Zach Bogosian            Jared Cowen              60     1   2  2  
 2 Michael Kostka           Mathew Dumba             40     1   2  2  

Last Minutes Offensive
   Center                   Left Wing                Right Wing               Defense                  Defense                  
   Andrei Loktionov         Ilya Kovalchuk           Michael Frolik           Zach Bogosian            Jared Cowen              

Last Minutes Defensive
   Center                   Left Wing                Right Wing               Defense                  Defense                  
   Andrei Loktionov         Ilya Kovalchuk           Michael Frolik           Zach Bogosian            Jared Cowen              

Goaltenders
Starting : Ondrej Pavelec           
Backup : Matt Hackett             

Extra Forwards
Normal : Patrice Cormier, Steve Bernier, Shawn Matthias - PP : Patrice Cormier, Steve Bernier - PK : Shawn Matthias
Extra Defensemen
Normal : Vladimir Mihalik, Wes O'Neill, Michael Kostka - PP : Vladimir Mihalik - PK : Wes O'Neill, Michael Kostka
Penalty Shots
Michael Frolik, Ilya Kovalchuk, Andrei Loktionov, Matt Stajan, Wayne Simmonds

Scratches
None


% Time on Ice - Senateurs

Lines # - Real PCT - Wanted PCT - Time Play
Normal Forward
1 - 38% - 40% - 15:42
2 - 28% - 30% - 11:23
3 - 25% - 20% - 10:29
4 - 9% - 10% - 3:35
Normal Defense
1 - 40% - 40% - 16:35
2 - 31% - 30% - 12:54
3 - 21% - 20% - 8:43
4 - 7% - 10% - 2:57
PP Forward
1 - 64% - 60% - 6:34
2 - 36% - 40% - 3:45
PP Defense
1 - 63% - 60% - 6:31
2 - 37% - 40% - 3:48
PK Forward
1 - 67% - 60% - 4:48
2 - 33% - 40% - 2:23
PK Defense
1 - 64% - 60% - 4:35
2 - 36% - 40% - 2:36
PK3 Forward
1 - 0% - 60%
2 - 0% - 40%
PK3 Defense
1 - 0% - 60%
2 - 0% - 40%
44 Forward
1 - 76% - 60% - 1:39
2 - 24% - 40% - 0:32
44 Defense
1 - 62% - 60% - 1:21
2 - 38% - 40% - 0:50
Last Minute Offensive  - 0:00
Last Minute Defensive  - 0:00
Total
Forward - 60:50
Defense - 60:50

% Time on Ice - Golden Knights

Lines # - Real PCT - Wanted PCT - Time Play
Normal Forward
1 - 39% - 40% - 16:15
2 - 29% - 30% - 11:59
3 - 22% - 20% - 9:00
4 - 10% - 10% - 3:55
Normal Defense
1 - 40% - 40% - 16:36
2 - 32% - 30% - 12:58
3 - 27% - 20% - 10:59
4 - 1% - 10% - 0:36
PP Forward
1 - 52% - 60% - 3:45
2 - 48% - 40% - 3:26
PP Defense
1 - 57% - 60% - 4:05
2 - 43% - 40% - 3:06
PK Forward
1 - 77% - 60% - 7:34
2 - 23% - 40% - 2:18
PK Defense
1 - 65% - 60% - 6:27
2 - 35% - 40% - 3:25
PK3 Forward
1 - 100% - 60% - 0:27
2 - 0% - 40% - 0:00
PK3 Defense
1 - 100% - 60% - 0:27
2 - 0% - 40% - 0:00
44 Forward
1 - 72% - 60% - 1:34
2 - 28% - 40% - 0:37
44 Defense
1 - 63% - 60% - 1:23
2 - 37% - 40% - 0:48
Last Minute Offensive  - 0:00
Last Minute Defensive  - 0:00
Total
Forward - 60:50
Defense - 60:50

Play-by-Play

1st period


0:01 of 1st period - Sidney Crosby wins face-off versus Andrei Loktionov in neutral zone.
0:30 of 1st period - Cody Franson is hit by Matt Stajan and loses puck.
1:40 of 1st period - Snap shot by Sergei Plotnikov.
1:40 of 1st period - Shot Misses the Net.
2:16 of 1st period - Mathew Dumba is hit by Arturs Kulda and loses puck.
2:45 of 1st period - Sergei Plotnikov is hit by Duncan Keith and loses puck.
3:03 of 1st period - Snap shot by Ilya Kovalchuk.
3:03 of 1st period - Shot Misses the Net.
3:19 of 1st period - Snap shot by Evgeni Malkin.
3:19 of 1st period - Stopped by Ondrej Pavelec with a rebound.
3:21 of 1st period - Wrist shot by Marek Svatos.
3:21 of 1st period - Shot Misses the Net.
3:23 of 1st period - Snap shot by Marek Svatos.
3:23 of 1st period - Shot Misses the Net.
3:25 of 1st period - Snap shot by Evgeni Malkin.
3:25 of 1st period - Shot Misses the Net.
3:27 of 1st period - Slapshot by Arturs Kulda.
3:27 of 1st period - Shot Blocked by Jared Cowen.
3:29 of 1st period - Slapshot by Marek Svatos.
3:29 of 1st period - Stopped by Ondrej Pavelec with a rebound.
3:41 of 1st period - Dion Phaneuf is hit by Steve Bernier and loses puck.
4:14 of 1st period - Dion Phaneuf is hit by Vladimir Mihalik and loses puck.
4:27 of 1st period - Wrist shot by Evgeni Malkin.
4:27 of 1st period - Goal by Evgeni Malkin - Senateurs : 1 - Golden Knights : 0.
4:28 of 1st period - Evgeni Malkin wins face-off versus Andrei Loktionov in neutral zone.
4:37 of 1st period - Snap shot by Jamie Benn.
4:37 of 1st period - Shot Misses the Net.
4:39 of 1st period - Slapshot by Denis Grebeshkov.
4:39 of 1st period - Shot Blocked by Jared Cowen.
4:41 of 1st period - Wrist shot by Evgeni Malkin.
4:41 of 1st period - Deflect By Jamie Benn.
4:41 of 1st period - Stopped by Ondrej Pavelec without a rebound.
4:42 of 1st period - Matt Stajan wins face-off versus Sidney Crosby in Golden Knights zone.
4:42 of 1st period - Matt Stajan is hit by Dion Phaneuf.
4:50 of 1st period - Wrist shot by Matt Stajan.
4:50 of 1st period - Shot Misses the Net.
4:52 of 1st period - Snap shot by Wayne Simmonds.
4:52 of 1st period - Deflect By Chris Higgins.
4:52 of 1st period - Shot Misses the Net.
4:52 of 1st period - Puck is out of play.
4:53 of 1st period - Andrei Loktionov wins face-off versus Sidney Crosby in Senateurs zone.
5:07 of 1st period - Minor Penalty to Phil Kessel for Hooking.
5:08 of 1st period - Evgeni Malkin wins face-off versus Andrei Loktionov in Senateurs zone.
7:07 of 1st period - Penalty to Phil Kessel is over, Phil Kessel is back on ice.
7:16 of 1st period - Slapshot by Maxim Lapierre.
7:16 of 1st period - Stopped by Ondrej Pavelec with a rebound.
7:22 of 1st period - Nate Prosser is hit by Mathew Dumba and loses puck.
7:34 of 1st period - Icing by Maxim Lapierre.
7:35 of 1st period - Chris Tierney wins face-off versus Evgeni Malkin in Senateurs zone.
7:53 of 1st period - Off-side.
7:54 of 1st period - Sidney Crosby wins face-off versus Patrice Cormier in neutral zone.
8:19 of 1st period - Dion Phaneuf is hit by Zach Bogosian and loses puck.
9:08 of 1st period - Cody Franson is hit by Vladimir Mihalik and loses puck.
9:16 of 1st period - Minor Penalty to Denis Grebeshkov for Slashing.
9:17 of 1st period - Andrei Loktionov wins face-off versus Sidney Crosby in Senateurs zone.
9:43 of 1st period - Duncan Keith is hit by Chris Higgins and loses puck.
11:05 of 1st period - Michael Frolik is hit by Sidney Crosby and loses puck.
11:16 of 1st period - Penalty to Denis Grebeshkov is over, Denis Grebeshkov is back on ice.
11:41 of 1st period - Wrist shot by Chris Tierney.
11:41 of 1st period - Shot Misses the Net.
12:27 of 1st period - Snap shot by Jamie Benn.
12:27 of 1st period - Stopped by Ondrej Pavelec with a rebound.
12:37 of 1st period - Cody Franson is hit by Zach Bogosian and loses puck.
13:31 of 1st period - Icing by Arturs Kulda.
13:32 of 1st period - Evgeni Malkin wins face-off versus Chris Tierney in Senateurs zone.
13:39 of 1st period - Wrist shot by Evgeni Malkin.
13:39 of 1st period - Shot Blocked by Chris Tierney.
13:41 of 1st period - Snap shot by Evgeni Malkin.
13:41 of 1st period - Stopped by Ondrej Pavelec without a rebound.
13:42 of 1st period - Sidney Crosby wins face-off versus Andrei Loktionov in Golden Knights zone.
13:47 of 1st period - Snap shot by Sidney Crosby.
13:47 of 1st period - Stopped by Ondrej Pavelec with a rebound.
13:49 of 1st period - Slapshot by Phil Kessel.
13:49 of 1st period - Stopped by Ondrej Pavelec with a rebound.
13:51 of 1st period - Snap shot by Sidney Crosby.
13:51 of 1st period - Shot Misses the Net.
13:53 of 1st period - Slapshot by Derek Boogaard.
13:53 of 1st period - Shot Misses the Net.
13:55 of 1st period - Slapshot by Duncan Keith.
13:55 of 1st period - Deflect By Phil Kessel.
13:55 of 1st period - Shot Misses the Net.
13:55 of 1st period - Puck is out of play.
13:56 of 1st period - Andrei Loktionov wins face-off versus Sidney Crosby in Golden Knights zone.
14:13 of 1st period - Wrist shot by Michael Frolik.
14:13 of 1st period - Shot Misses the Net.
14:19 of 1st period - Minor Penalty to Phil Kessel for High sticking.
14:20 of 1st period - Andrei Loktionov wins face-off versus Sidney Crosby in Senateurs zone.
14:56 of 1st period - Snap shot by Matt Stajan.
14:56 of 1st period - Shot Blocked by Cody Franson.
15:22 of 1st period - Slapshot by Wayne Simmonds.
15:22 of 1st period - Stopped by Jaroslav Halak without a rebound.
15:23 of 1st period - Sidney Crosby wins face-off versus Andrei Loktionov in Senateurs zone.
16:19 of 1st period - Penalty to Phil Kessel is over, Phil Kessel is back on ice.
16:25 of 1st period - Off-side.
16:26 of 1st period - Maxim Lapierre wins face-off versus Patrice Cormier in neutral zone.
16:31 of 1st period - Snap shot by Colby Armstrong.
16:31 of 1st period - Shot Misses the Net.
17:09 of 1st period - Snap shot by Chris Higgins.
17:09 of 1st period - Shot Blocked by Duncan Keith.
17:15 of 1st period - Snap shot by Wayne Simmonds.
17:15 of 1st period - Shot Misses the Net.
18:03 of 1st period - Slapshot by Mathew Dumba.
18:03 of 1st period - Deflect By Wayne Simmonds.
18:03 of 1st period - Shot Misses the Net.
18:03 of 1st period - Puck is out of play.
18:04 of 1st period - Sidney Crosby wins face-off versus Matt Stajan in Senateurs zone.
19:17 of 1st period - Wrist shot by Sidney Crosby.
19:17 of 1st period - Shot Misses the Net.
19:35 of 1st period - Slapshot by Michael Kostka.
19:35 of 1st period - Shot Blocked by Dion Phaneuf.
19:37 of 1st period - Slapshot by Vladimir Zharkov.
19:37 of 1st period - Shot Misses the Net.
19:39 of 1st period - Wrist shot by Mathew Dumba.
19:39 of 1st period - Shot Misses the Net.
19:41 of 1st period - Backhand shot by Vladimir Zharkov.
19:41 of 1st period - Stopped by Jaroslav Halak with a rebound.
Goals for this period are 1 for Senateurs vs 0 for Golden Knights.
Shots for this period are 9 for Senateurs vs 2 for Golden Knights.

2nd period


0:01 of 2nd period - Andrei Loktionov wins face-off versus Sidney Crosby in neutral zone.
0:36 of 2nd period - Minor Penalty to Matt Stajan for Roughing.
0:37 of 2nd period - Michael Frolik wins face-off versus Sidney Crosby in Golden Knights zone.
1:14 of 2nd period - Minor Penalty to Duncan Keith for Cross-checking.
1:15 of 2nd period - Michael Frolik wins face-off versus Evgeni Malkin in Senateurs zone.
2:22 of 2nd period - Snap shot by Maxim Lapierre.
2:22 of 2nd period - Shot Misses the Net.
2:24 of 2nd period - Slapshot by Nate Prosser.
2:24 of 2nd period - Shot Blocked by Steve Bernier.
2:26 of 2nd period - Wrist shot by Colby Armstrong.
2:26 of 2nd period - Shot Misses the Net.
2:28 of 2nd period - Slapshot by Colby Armstrong.
2:28 of 2nd period - Stopped by Ondrej Pavelec with a rebound.
2:30 of 2nd period - Slapshot by Colby Armstrong.
2:30 of 2nd period - Shot Blocked by Michael Kostka.
2:32 of 2nd period - Slapshot by Maxim Lapierre.
2:32 of 2nd period - Stopped by Ondrej Pavelec without a rebound.
2:33 of 2nd period - Sidney Crosby wins face-off versus Michael Frolik in Golden Knights zone.
2:36 of 2nd period - Penalty to Matt Stajan is over, Matt Stajan is back on ice.
2:42 of 2nd period - Michael Kostka is hit by Sidney Crosby and loses puck.
3:02 of 2nd period - Andrei Loktionov is hit by Cody Franson and loses puck.
3:14 of 2nd period - Penalty to Duncan Keith is over, Duncan Keith is back on ice.
3:30 of 2nd period - Icing by Maxim Lapierre.
3:31 of 2nd period - Shawn Matthias wins face-off versus Maxim Lapierre in Senateurs zone.
3:32 of 2nd period - Snap shot by Steve Bernier.
3:32 of 2nd period - Stopped by Jaroslav Halak without a rebound.
3:33 of 2nd period - Patrice Cormier wins face-off versus Sidney Crosby in Senateurs zone.
3:36 of 2nd period - Snap shot by Patrice Cormier.
3:36 of 2nd period - Shot Misses the Net.
3:38 of 2nd period - Slapshot by Steve Bernier.
3:38 of 2nd period - Deflect By Patrice Cormier.
3:38 of 2nd period - Shot Misses the Net.
3:38 of 2nd period - Puck is out of play.
3:39 of 2nd period - Sidney Crosby wins face-off versus Andrei Loktionov in Senateurs zone.
3:54 of 2nd period - Snap shot by Michael Frolik.
3:54 of 2nd period - Shot Misses the Net.
3:56 of 2nd period - Slapshot by Mathew Dumba.
3:56 of 2nd period - Deflect By Michael Frolik.
3:56 of 2nd period - Goal by Michael Frolik - Senateurs : 1 - Golden Knights : 1.
3:57 of 2nd period - Sidney Crosby wins face-off versus Andrei Loktionov in neutral zone.
4:10 of 2nd period - Off-side.
4:11 of 2nd period - Sidney Crosby wins face-off versus Andrei Loktionov in neutral zone.
4:14 of 2nd period - Slapshot by Cody Franson.
4:14 of 2nd period - Shot Misses the Net.
4:26 of 2nd period - Snap shot by Sidney Crosby.
4:26 of 2nd period - Shot Misses the Net.
4:36 of 2nd period - Andrei Loktionov is hit by Maxim Lapierre and loses puck.
4:49 of 2nd period - Wrist shot by Ilya Kovalchuk.
4:49 of 2nd period - Stopped by Jaroslav Halak without a rebound.
4:50 of 2nd period - Sidney Crosby wins face-off versus Chris Higgins in Senateurs zone.
5:01 of 2nd period - Slapshot by Sidney Crosby.
5:01 of 2nd period - Stopped by Ondrej Pavelec with a rebound.
5:15 of 2nd period - Michael Kostka is hit by Maxim Lapierre and loses puck.
5:32 of 2nd period - Snap shot by Wayne Simmonds.
5:32 of 2nd period - Stopped by Jaroslav Halak without a rebound.
5:33 of 2nd period - Sidney Crosby wins face-off versus Andrei Loktionov in Senateurs zone.
5:50 of 2nd period - Off-side.
5:51 of 2nd period - Evgeni Malkin wins face-off versus Patrice Cormier in neutral zone.
5:53 of 2nd period - Off-side.
5:54 of 2nd period - Patrice Cormier wins face-off versus Evgeni Malkin in neutral zone.
6:22 of 2nd period - Wrist shot by Andrei Loktionov.
6:22 of 2nd period - Stopped by Jaroslav Halak without a rebound.
6:23 of 2nd period - Ilya Kovalchuk wins face-off versus Sidney Crosby in Senateurs zone.
6:31 of 2nd period - Minor Penalty to Cody Franson for Hooking.
6:32 of 2nd period - Sidney Crosby wins face-off versus Michael Frolik in Senateurs zone.
7:02 of 2nd period - Snap shot by Wayne Simmonds.
7:02 of 2nd period - Stopped by Jaroslav Halak with a rebound.
7:04 of 2nd period - Snap shot by Wayne Simmonds.
7:04 of 2nd period - Goal by Wayne Simmonds - Senateurs : 1 - Golden Knights : 2.
7:05 of 2nd period - Sidney Crosby wins face-off versus Andrei Loktionov in neutral zone.
7:12 of 2nd period - Snap shot by Sidney Crosby.
7:12 of 2nd period - Shot Misses the Net.
7:14 of 2nd period - Slapshot by Cody Franson.
7:14 of 2nd period - Shot Blocked by Ilya Kovalchuk.
7:16 of 2nd period - Slapshot by Dion Phaneuf.
7:16 of 2nd period - Stopped by Ondrej Pavelec with a rebound.
7:18 of 2nd period - Snap shot by Phil Kessel.
7:18 of 2nd period - Stopped by Ondrej Pavelec without a rebound.
7:19 of 2nd period - Wayne Simmonds wins face-off versus Evgeni Malkin in Golden Knights zone.
7:21 of 2nd period - Minor Penalty to Matt Stajan for Slashing.
7:22 of 2nd period - Michael Frolik wins face-off versus Sidney Crosby in Golden Knights zone.
8:50 of 2nd period - Snap shot by Phil Kessel.
8:50 of 2nd period - Stopped by Ondrej Pavelec without a rebound.
8:51 of 2nd period - Michael Frolik wins face-off versus Evgeni Malkin in Golden Knights zone.
8:53 of 2nd period - Minor Penalty to Ilya Kovalchuk for Goalie Interference.
8:54 of 2nd period - Michael Frolik wins face-off versus Evgeni Malkin in Golden Knights zone.
9:21 of 2nd period - Penalty to Matt Stajan is over, Matt Stajan is back on ice.
10:53 of 2nd period - Penalty to Ilya Kovalchuk is over, Ilya Kovalchuk is back on ice.
11:14 of 2nd period - Snap shot by Matt Stajan.
11:14 of 2nd period - Shot Blocked by Sidney Crosby.
11:16 of 2nd period - Slapshot by Michael Kostka.
11:16 of 2nd period - Shot Misses the Net.
11:18 of 2nd period - Wrist shot by Wayne Simmonds.
11:18 of 2nd period - Shot Blocked by Arturs Kulda.
11:20 of 2nd period - Snap shot by Wayne Simmonds.
11:20 of 2nd period - Stopped by Jaroslav Halak without a rebound.
11:21 of 2nd period - Sidney Crosby wins face-off versus Patrice Cormier in Senateurs zone.
11:40 of 2nd period - Arturs Kulda is hit by Matt Stajan and loses puck.
12:24 of 2nd period - Slapshot by Zach Bogosian.
12:24 of 2nd period - Stopped by Jaroslav Halak without a rebound.
12:25 of 2nd period - Sidney Crosby wins face-off versus Andrei Loktionov in Senateurs zone.
14:05 of 2nd period - Icing by Michael Kostka.
14:06 of 2nd period - Andrei Loktionov wins face-off versus Evgeni Malkin in Golden Knights zone.
14:06 of 2nd period - Andrei Loktionov is hit by Jamie Benn.
14:11 of 2nd period - Michael Kostka is hit by Cody Franson and loses puck.
14:16 of 2nd period - Snap shot by Matt Stajan.
14:16 of 2nd period - Shot Misses the Net.
14:18 of 2nd period - Slapshot by Mathew Dumba.
14:18 of 2nd period - Deflect By Chris Higgins.
14:18 of 2nd period - Stopped by Jaroslav Halak without a rebound.
14:19 of 2nd period - Andrei Loktionov wins face-off versus Evgeni Malkin in Senateurs zone.
14:25 of 2nd period - Minor Penalty to Cody Franson for Interference.
14:26 of 2nd period - Andrei Loktionov wins face-off versus Sidney Crosby in Senateurs zone.
14:28 of 2nd period - Snap shot by Ilya Kovalchuk.
14:28 of 2nd period - Goal by Ilya Kovalchuk - Senateurs : 1 - Golden Knights : 3.
14:29 of 2nd period - Sidney Crosby wins face-off versus Andrei Loktionov in neutral zone.
14:34 of 2nd period - Andrei Loktionov is hit by Dion Phaneuf and loses puck.
14:52 of 2nd period - Icing by Cody Franson.
14:53 of 2nd period - Sidney Crosby wins face-off versus Matt Stajan in Senateurs zone.
15:27 of 2nd period - Snap shot by Phil Kessel.
15:27 of 2nd period - Stopped by Ondrej Pavelec without a rebound.
15:28 of 2nd period - Matt Stajan wins face-off versus Sidney Crosby in Golden Knights zone.
15:39 of 2nd period - Wrist shot by Chris Higgins.
15:39 of 2nd period - Deflect By Matt Stajan.
15:39 of 2nd period - Stopped by Jaroslav Halak without a rebound.
15:40 of 2nd period - Sidney Crosby wins face-off versus Andrei Loktionov in Senateurs zone.
15:40 of 2nd period - Sidney Crosby is hit by Jared Cowen.
15:54 of 2nd period - Wrist shot by Phil Kessel.
15:54 of 2nd period - Stopped by Ondrej Pavelec with a rebound.
15:56 of 2nd period - Snap shot by Phil Kessel.
15:56 of 2nd period - Stopped by Ondrej Pavelec without a rebound.
15:57 of 2nd period - Evgeni Malkin wins face-off versus Matt Stajan in Golden Knights zone.
15:58 of 2nd period - Wrist shot by Jamie Benn.
15:58 of 2nd period - Stopped by Ondrej Pavelec with a rebound.
16:24 of 2nd period - Matt Stajan is hit by Sergei Kostitsyn and loses puck.
16:31 of 2nd period - Colby Armstrong is hit by Wayne Simmonds and loses puck.
17:16 of 2nd period - Wrist shot by Marek Svatos.
17:16 of 2nd period - Stopped by Ondrej Pavelec without a rebound.
17:17 of 2nd period - Patrice Cormier wins face-off versus Evgeni Malkin in Golden Knights zone.
17:19 of 2nd period - Minor Penalty to Patrice Cormier for Hooking.
17:20 of 2nd period - Sidney Crosby wins face-off versus Michael Frolik in Golden Knights zone.
17:28 of 2nd period - Wrist shot by Phil Kessel.
17:28 of 2nd period - Stopped by Ondrej Pavelec without a rebound.
17:29 of 2nd period - Sidney Crosby wins face-off versus Michael Frolik in Golden Knights zone.
17:30 of 2nd period - Snap shot by Phil Kessel.
17:30 of 2nd period - Shot Misses the Net.
17:32 of 2nd period - Snap shot by Sidney Crosby.
17:32 of 2nd period - Goal by Sidney Crosby - Senateurs : 2 - Golden Knights : 3.
17:33 of 2nd period - Andrei Loktionov wins face-off versus Sidney Crosby in neutral zone.
17:58 of 2nd period - Jared Cowen is hit by Derek Boogaard.
18:04 of 2nd period - Slapshot by Zach Bogosian.
18:04 of 2nd period - Shot Misses the Net.
18:20 of 2nd period - Snap shot by Andrei Loktionov.
18:20 of 2nd period - Stopped by Jaroslav Halak with a rebound.
18:36 of 2nd period - Wrist shot by Sidney Crosby.
18:36 of 2nd period - Shot Blocked by Jared Cowen.
18:38 of 2nd period - Snap shot by Derek Boogaard.
18:38 of 2nd period - Shot Misses the Net.
18:40 of 2nd period - Wrist shot by Derek Boogaard.
18:40 of 2nd period - Shot Blocked by Jared Cowen.
18:42 of 2nd period - Snap shot by Derek Boogaard.
18:42 of 2nd period - Shot Blocked by Zach Bogosian.
18:54 of 2nd period - Cody Franson is hit by Zach Bogosian and loses puck.
19:09 of 2nd period - Backhand shot by Zach Bogosian.
19:09 of 2nd period - Shot Blocked by Dion Phaneuf.
19:51 of 2nd period - Slapshot by Michael Frolik.
19:51 of 2nd period - Stopped by Jaroslav Halak without a rebound.
19:52 of 2nd period - Matt Stajan wins face-off versus Evgeni Malkin in Senateurs zone.
Goals for this period are 1 for Senateurs vs 3 for Golden Knights.
Shots for this period are 13 for Senateurs vs 14 for Golden Knights.

3rd period


0:01 of 3rd period - Matt Stajan wins face-off versus Evgeni Malkin in neutral zone.
0:10 of 3rd period - Snap shot by Chris Higgins.
0:10 of 3rd period - Deflect By Matt Stajan.
0:10 of 3rd period - Shot Misses the Net.
0:10 of 3rd period - Puck is out of play.
0:11 of 3rd period - Marek Svatos wins face-off versus Matt Stajan in Senateurs zone.
0:11 of 3rd period - Marek Svatos is hit by Wayne Simmonds.
1:02 of 3rd period - Wrist shot by Steve Bernier.
1:02 of 3rd period - Stopped by Jaroslav Halak with a rebound.
1:43 of 3rd period - Slapshot by Dion Phaneuf.
1:43 of 3rd period - Shot Blocked by Vladimir Mihalik.
1:47 of 3rd period - Snap shot by Colby Armstrong.
1:47 of 3rd period - Shot Blocked by Wes O'Neill.
1:49 of 3rd period - Snap shot by Sergei Kostitsyn.
1:49 of 3rd period - Deflect By Colby Armstrong.
1:49 of 3rd period - Shot Blocked by Chris Tierney.
1:49 of 3rd period - Puck is out of play.
1:50 of 3rd period - Chris Tierney wins face-off versus Evgeni Malkin in Golden Knights zone.
1:52 of 3rd period - Minor Penalty to Vladimir Zharkov for Hooking.
1:53 of 3rd period - Michael Frolik wins face-off versus Sidney Crosby in Golden Knights zone.
2:49 of 3rd period - Slapshot by Cody Franson.
2:49 of 3rd period - Shot Blocked by Michael Kostka.
3:11 of 3rd period - Snap shot by Andrei Loktionov.
3:11 of 3rd period - Stopped by Jaroslav Halak with a rebound.
3:52 of 3rd period - Penalty to Vladimir Zharkov is over, Vladimir Zharkov is back on ice.
5:37 of 3rd period - Wrist shot by Jared Cowen.
5:37 of 3rd period - Stopped by Jaroslav Halak with a rebound.
5:41 of 3rd period - Wrist shot by Michael Frolik.
5:41 of 3rd period - Shot Misses the Net.
5:43 of 3rd period - Snap shot by Michael Frolik.
5:43 of 3rd period - Shot Misses the Net.
6:50 of 3rd period - Wrist shot by Shawn Matthias.
6:50 of 3rd period - Shot Blocked by Mark Giordano.
7:16 of 3rd period - Sergei Kostitsyn is hit by Andrei Loktionov and loses puck.
7:23 of 3rd period - Backhand shot by Zach Bogosian.
7:23 of 3rd period - Shot Blocked by Matt Moulson.
7:25 of 3rd period - Snap shot by Zach Bogosian.
7:25 of 3rd period - Stopped by Jaroslav Halak without a rebound.
7:26 of 3rd period - Sidney Crosby wins face-off versus Andrei Loktionov in Senateurs zone.
7:26 of 3rd period - Sidney Crosby is hit by Michael Kostka.
8:00 of 3rd period - Snap shot by Colby Armstrong.
8:00 of 3rd period - Stopped by Ondrej Pavelec with a rebound.
8:02 of 3rd period - Snap shot by Maxim Lapierre.
8:02 of 3rd period - Goal by Maxim Lapierre - Senateurs : 3 - Golden Knights : 3.
8:03 of 3rd period - Andrei Loktionov wins face-off versus Sidney Crosby in neutral zone.
8:08 of 3rd period - Slapshot by Michael Frolik.
8:08 of 3rd period - Shot Misses the Net.
8:10 of 3rd period - Slapshot by Andrei Loktionov.
8:10 of 3rd period - Golden Knights goal is going for a video replay.
8:10 of 3rd period - The goal is refused. The puck has been directed, batted or thrown into the net by an attacking player other than with a stick..
8:11 of 3rd period - Sidney Crosby wins face-off versus Andrei Loktionov in Senateurs zone.
8:16 of 3rd period - Phil Kessel is hit by Michael Frolik and loses puck.
8:47 of 3rd period - Icing by Cody Franson.
8:48 of 3rd period - Matt Stajan wins face-off versus Sidney Crosby in Senateurs zone.
9:19 of 3rd period - Snap shot by Patrice Cormier.
9:19 of 3rd period - Deflect By Steve Bernier.
9:19 of 3rd period - Stopped by Jaroslav Halak without a rebound.
9:20 of 3rd period - Steve Bernier wins face-off versus Marek Svatos in Senateurs zone.
9:33 of 3rd period - Snap shot by Patrice Cormier.
9:33 of 3rd period - Shot Misses the Net.
9:35 of 3rd period - Slapshot by Jared Cowen.
9:35 of 3rd period - Shot Blocked by Duncan Keith.
9:43 of 3rd period - Wrist shot by Zach Bogosian.
9:43 of 3rd period - Deflect By Patrice Cormier.
9:43 of 3rd period - Stopped by Jaroslav Halak with a rebound.
9:45 of 3rd period - Snap shot by Shawn Matthias.
9:45 of 3rd period - Shot Misses the Net.
9:53 of 3rd period - Wrist shot by Shawn Matthias.
9:53 of 3rd period - Stopped by Jaroslav Halak with a rebound.
10:29 of 3rd period - Slapshot by Patrice Cormier.
10:29 of 3rd period - Shot Misses the Net.
10:31 of 3rd period - Snap shot by Patrice Cormier.
10:31 of 3rd period - Stopped by Jaroslav Halak without a rebound.
10:32 of 3rd period - Chris Higgins wins face-off versus Sidney Crosby in Senateurs zone.
10:41 of 3rd period - Slapshot by Wayne Simmonds.
10:41 of 3rd period - Stopped by Jaroslav Halak with a rebound.
10:52 of 3rd period - Minor Penalty to Wayne Simmonds for Cross-checking.
10:53 of 3rd period - Sidney Crosby wins face-off versus Michael Frolik in Golden Knights zone.
11:05 of 3rd period - Snap shot by Sidney Crosby.
11:05 of 3rd period - Stopped by Ondrej Pavelec without a rebound.
11:06 of 3rd period - Michael Frolik wins face-off versus Sidney Crosby in Golden Knights zone.
11:12 of 3rd period - Wrist shot by Phil Kessel.
11:12 of 3rd period - Shot Blocked by Zach Bogosian.
11:14 of 3rd period - Slapshot by Dion Phaneuf.
11:14 of 3rd period - Shot Blocked by Michael Frolik.
11:16 of 3rd period - Slapshot by Dion Phaneuf.
11:16 of 3rd period - Stopped by Ondrej Pavelec with a rebound.
11:18 of 3rd period - Snap shot by Phil Kessel.
11:18 of 3rd period - Shot Misses the Net.
11:32 of 3rd period - Ilya Kovalchuk is hit by Jamie Benn and loses puck.
11:47 of 3rd period - Andrei Loktionov is hit by Denis Grebeshkov and loses puck.
12:34 of 3rd period - Evgeni Malkin is hit by Sergei Plotnikov and loses puck.
12:41 of 3rd period - Marek Svatos is hit by Jared Cowen and loses puck.
12:52 of 3rd period - Penalty to Wayne Simmonds is over, Wayne Simmonds is back on ice.
13:02 of 3rd period - Wrist shot by Patrice Cormier.
13:02 of 3rd period - Stopped by Jaroslav Halak without a rebound.
13:03 of 3rd period - Maxim Lapierre wins face-off versus Patrice Cormier in Senateurs zone.
14:05 of 3rd period - Wrist shot by Patrice Cormier.
14:05 of 3rd period - Stopped by Jaroslav Halak without a rebound.
14:06 of 3rd period - Sidney Crosby wins face-off versus Andrei Loktionov in Senateurs zone.
14:06 of 3rd period - Sidney Crosby is hit by Ilya Kovalchuk.
14:36 of 3rd period - Icing by Wayne Simmonds.
14:37 of 3rd period - Marek Svatos wins face-off versus Matt Stajan in Golden Knights zone.
14:38 of 3rd period - Wrist shot by Evgeni Malkin.
14:38 of 3rd period - Stopped by Ondrej Pavelec with a rebound.
15:03 of 3rd period - Matt Stajan is hit by Evgeni Malkin and loses puck.
16:15 of 3rd period - Wrist shot by Chris Higgins.
16:15 of 3rd period - Stopped by Jaroslav Halak without a rebound.
16:16 of 3rd period - Sidney Crosby wins face-off versus Patrice Cormier in Senateurs zone.
16:26 of 3rd period - Minor Penalty to Steve Bernier for Holding.
16:27 of 3rd period - Sidney Crosby wins face-off versus Michael Frolik in Golden Knights zone.
16:48 of 3rd period - Icing by Phil Kessel.
16:49 of 3rd period - Sidney Crosby wins face-off versus Michael Frolik in Senateurs zone.
17:14 of 3rd period - Snap shot by Derek Boogaard.
17:14 of 3rd period - Shot Blocked by Zach Bogosian.
17:16 of 3rd period - Slapshot by Cody Franson.
17:16 of 3rd period - Shot Misses the Net.
17:18 of 3rd period - Snap shot by Sidney Crosby.
17:18 of 3rd period - Shot Misses the Net.
17:20 of 3rd period - Snap shot by Phil Kessel.
17:20 of 3rd period - Shot Blocked by Jared Cowen.
17:22 of 3rd period - Snap shot by Cody Franson.
17:22 of 3rd period - Shot Misses the Net.
17:24 of 3rd period - Snap shot by Dion Phaneuf.
17:24 of 3rd period - Deflect By Phil Kessel.
17:24 of 3rd period - Deflect By Ilya Kovalchuk.
17:24 of 3rd period - Stopped by Ondrej Pavelec with a rebound.
17:26 of 3rd period - Slapshot by Derek Boogaard.
17:26 of 3rd period - Shot Hit the Post.
17:40 of 3rd period - Wrist shot by Sidney Crosby.
17:40 of 3rd period - Shot Blocked by Zach Bogosian.
17:42 of 3rd period - Snap shot by Phil Kessel.
17:42 of 3rd period - Stopped by Ondrej Pavelec without a rebound.
17:43 of 3rd period - Evgeni Malkin wins face-off versus Andrei Loktionov in Golden Knights zone.
18:26 of 3rd period - Penalty to Steve Bernier is over, Steve Bernier is back on ice.
18:49 of 3rd period - Wrist shot by Wayne Simmonds.
18:49 of 3rd period - Shot Misses the Net.
19:34 of 3rd period - Shawn Matthias is hit by Brian McGrattan.
Goals for this period are 1 for Senateurs vs 0 for Golden Knights.
Shots for this period are 7 for Senateurs vs 13 for Golden Knights.

Overtime #1


0:01 of 1st overtime period - Sidney Crosby wins face-off versus Michael Frolik in neutral zone.
0:06 of 1st overtime period - Wrist shot by Cody Franson.
0:06 of 1st overtime period - Stopped by Ondrej Pavelec with a rebound.
0:50 of 1st overtime period - Snap shot by Matt Stajan.
0:50 of 1st overtime period - Goal by Matt Stajan - Senateurs : 3 - Golden Knights : 4.
Goals for this period are 0 for Senateurs vs 1 for Golden Knights.
Shots for this period are 1 for Senateurs vs 1 for Golden Knights.